 Dungeon Crawl Stone Soup version 0.30-b1-2-g02819fbbbe (webtiles) character file.

Game seed: 13232344202583910205

216 Fartwhistle the Skirmisher (level 5, 0/43 HPs)
             Began as a Gnoll Hunter on Sept 12, 2023.
             Slain by a kobold
             ... wielding a +1 rapier of distortion
              (14 damage)
             ... on level 3 of the Dungeon.
             The game lasted 00:03:54 (2313 turns).

Fartwhistle the Skirmisher (Gnoll Hunter)           Turns: 2313, Time: 00:03:55

Health: 0/43       AC:  6    Str: 11    XL:     5   Next: 93%
Magic:  7/7        EV: 13    Int: 10    God:
Gold:   5          SH:  0    Dex: 15    Spells: 7/7 levels left

rFire   . . .        a - +0 shortbow
rCold   . . .        (shield currently unavailable)
rNeg    . . .        c - +0 leather armour
rPois   .            (no helmet)
rElec   .            (no cloak)
rCorr   .            (no gloves)
SInv    .            g - +2 pair of boots
Will    +....        (no amulet)
Stlth   ++           i - ring of willpower
HPRegen 0.27/turn    (no ring)
MPRegen 0.10/turn

%: no passive effects
@: no status effects
A: fangs 1, strong nose, distributed training
a: no special abilities


You were on level 3 of the Dungeon.
You visited 1 branch of the dungeon, and saw 3 of its levels.

You collected 167 gold pieces.
You spent 162 gold pieces at shops.

Inventory:

Hand Weapons
 a - a +0 shortbow (weapon)
Armour
 c - a +0 leather armour (worn)
 g - a +2 pair of boots (worn)
 u - a +0 chain mail
Jewellery
 i - a ring of willpower (left hand)
Wands
 p - a wand of digging (4)
Scrolls
 b - a scroll of immolation
 d - 3 scrolls of fear
 e - 2 scrolls of teleportation
 f - a scroll of noise {unknown}
 j - 3 scrolls of vulnerability
 k - a scroll of amnesia {unknown}
 m - a scroll of enchant armour {unknown}
 s - 2 scrolls of poison
 y - a scroll of blinking
Potions
 h - a potion of ambrosia {unknown}
 l - a potion of resistance {unknown}
 n - 2 potions of flight {unknown}
 o - 2 potions of heal wounds
 q - a potion of experience {unknown}
 r - a potion of haste {unknown}
 v - 4 potions of curing {unknown}
 w - a potion of might {unknown}
 x - a potion of degeneration {unknown}


   Skills:
 + Level 4.9 Fighting
 + Level 1.8 Short Blades
 + Level 1.8 Long Blades
 + Level 1.8 Axes
 + Level 1.8 Maces & Flails
 + Level 1.8 Polearms
 + Level 1.8 Staves
 + Level 8.7 Ranged Weapons
 + Level 1.8 Throwing
 + Level 1.8 Armour
 + Level 4.9 Dodging
 + Level 3.0 Stealth
 + Level 1.8 Shields
 + Level 1.8 Unarmed Combat
 + Level 1.8 Spellcasting
 + Level 1.4 Conjurations
 + Level 1.4 Hexes
 + Level 1.4 Summonings
 + Level 1.4 Necromancy
 + Level 1.4 Translocations
 + Level 1.4 Transmutations
 + Level 1.4 Fire Magic
 + Level 1.4 Ice Magic
 + Level 1.4 Air Magic
 + Level 1.4 Earth Magic
 + Level 1.4 Poison Magic
 + Level 2.0 Invocations
 + Level 1.8 Evocations


You had 7 spell levels left.
You didn't know any spells.
Your spell library contained the following spells:

 Spells                   Type           Power      Damage    Failure   Level
 Summon Small Mammal      Summ           12%        N/A       24%         1
 Call Canine Familiar     Summ           3%         N/A       56%         3
 Summon Guardian Golem    Hex/Summ       3%         N/A       56%         3


Dungeon Overview and Level Annotations

Branches:
Dungeon (3/15)

Altars:
Yredelemnul
Lugonu

Shops:
D:2 =   D:3 ?

Portals:
Abyss: D:3

Annotations:
D:2 1 runed translucent door, Crazy Yiuf


Innate Abilities, Weirdness & Mutations

You have very sharp teeth.
Your uncanny sense of smell can sniff out nearby items.
Your experience applies equally to all skills.


Message History

v - 4 fuming amethyst potions (gained 1)
There is a stone staircase leading down here.
You see here a +0 dagger.
Things that are here:
a +0 club; a +0 chain mail You see here a +0 dagger.
Found a one-way gate to the infinite horrors of the Abyss.
The kobold shouts!
You see here a +0 dagger.
Things that are here:
a +0 club; a +0 chain mail Could not explore, unopened runed door.
You open the large door.
The kobold shouts!
You shoot an arrow. The arrow hits the kobold.
The kobold is moderately wounded.
The kobold closely misses you. The kobold misses you.
You shoot an arrow. The arrow hits the kobold!
You kill the kobold!
The kobold misses you.
You shoot an arrow. The arrow hits the kobold!
You kill the kobold!
You shoot an arrow.
The arrow hits the kobold but does no damage.
The kobold misses you.
You shoot an arrow. The arrow barely misses the kobold.
The kobold shouts!
You shoot an arrow.
The arrow hits the kobold but does no damage.
The kobold throws a stone.
The stone barely misses you.
The kobold hits you with a +1 rapier of distortion.
Space warps horribly around you!
You shoot an arrow. The arrow misses the kobold.
The kobold hits you with a +1 rapier of distortion.
Space warps horribly around you!
You are too injured to fight recklessly!
Unknown command.
The kobold hits you with a +1 rapier of distortion.
Space warps horribly around you!
You die...

...........###.##.##
#....# .......#####
#.§§§§ #....####
.......# ..§§§.
#.......# .......#
..§§ ####..).#
.......# #.K#
#####.)....#
.....).#
#..###....)#....#
.......#
#))#...#####....#
#.P.P.## #K.#.###
#....# ..._..#
#.@#.# #....#
..P.P.# ##...#
#....# #.....##
####..# #....#
###....# #....##
#....# ####.#
#.######### ######
#.# #.........#
#.#######.........#
#......##.........#
######.##.........#


You could see 2 kobolds.

Vanquished Creatures
  An orc priest (D:3)
  Jessica (D:2)
  An orc wizard (D:3)
  3 adders (D:2)
  2 worms (D:2)
  6 dart slugs
  7 orcs (D:3)
  7 endoplasms
  7 giant cockroaches
  5 goblins
  3 hobgoblins
  3 jackals
  10 kobolds
  5 quokkas
  4 ball pythons
  5 bats
  4 frilled lizards
  7 rats
81 creatures vanquished.

Vanquished Creatures (others)
  A fungus (D:1)
1 creature vanquished.

Grand Total: 82 creatures vanquished

Notes
Turn   | Place    | Note
-------+----------+-------------------------------------------
     0 | D:1      | Fartwhistle the Gnoll Hunter began the quest for the Orb.
     0 | D:1      | Reached XP level 1. HP: 20/20 MP: 1/1
   183 | D:1      | Reached XP level 2. HP: 26/26 MP: 2/2
   343 | D:1      | Found a faded altar of an unknown god.
   583 | D:2      | Reached XP level 3. HP: 31/31 MP: 3/3
   634 | D:2      | Reached skill level 1 in Invocations
   685 | D:2      | Found Lecs's Jewellery Shoppe.
   782 | D:2      | Noticed Jessica
   787 | D:2      | Reached skill level 1 in Short Blades
   787 | D:2      | Reached skill level 1 in Long Blades
   787 | D:2      | Reached skill level 1 in Axes
   787 | D:2      | Reached skill level 1 in Maces & Flails
   787 | D:2      | Reached skill level 1 in Polearms
   787 | D:2      | Reached skill level 1 in Staves
   787 | D:2      | Reached skill level 1 in Throwing
   787 | D:2      | Reached skill level 1 in Armour
   787 | D:2      | Reached skill level 1 in Shields
   787 | D:2      | Reached skill level 1 in Unarmed Combat
   787 | D:2      | Reached skill level 1 in Spellcasting
   787 | D:2      | Reached skill level 1 in Evocations
   788 | D:2      | Killed Jessica
   789 | D:2      | Reached skill level 1 in Conjurations
   789 | D:2      | Reached skill level 1 in Hexes
   789 | D:2      | Reached skill level 1 in Summonings
   789 | D:2      | Reached skill level 1 in Necromancy
   789 | D:2      | Reached skill level 1 in Translocations
   789 | D:2      | Reached skill level 1 in Transmutations
   789 | D:2      | Reached skill level 1 in Fire Magic
   789 | D:2      | Reached skill level 1 in Ice Magic
   789 | D:2      | Reached skill level 1 in Air Magic
   789 | D:2      | Reached skill level 1 in Earth Magic
   789 | D:2      | Reached skill level 1 in Poison Magic
   789 | D:2      | Reached XP level 4. HP: 38/38 MP: 5/5
  1229 | D:2      | Found a runed translucent door.
  1230 | D:2      | Noticed Crazy Yiuf
  1440 | D:3      | Reached XP level 5. HP: 43/43 MP: 7/7
  1536 | D:3      | Found a basalt altar of Yredelemnul.
  1589 | D:3      | Found a large runed translucent door.
  1589 | D:3      | Found a large runed translucent door.
  2152 | D:3      | Found a corrupted altar of Lugonu.
  2205 | D:3      | Found Guodigyo's Magic Scroll Shop.
  2213 | D:3      | Bought a scroll of teleportation for 39 gold pieces
  2213 | D:3      | Bought a scroll of blinking for 97 gold pieces
  2213 | D:3      | Bought a scroll of identify for 26 gold pieces
  2276 | D:3      | Found a one-way gate to the infinite horrors of the Abyss.
  2313 | D:3      | Slain by a kobold

Illustrated notes

Levels and vault maps discovered:
D:1:      dpeg_arrival_rooms_c, layout_basic, dreamdust_ecumenical_altar_grove
D:2:      kennysheep_six_static_rooms, layout_loops_ring, serial_shops,
          nicolae_shop_temple_entry_statues_fountains,
          kennysheep_generic_room_11, uniq_jessica, uniq_crazy_yiuf_cottage
D:3:      due_chaos_kobolds, layout_basic, yredelemnul_altar_generic,
          serial_shops, shop, minmay_pentangle

Skill      XL: |  1  2  3  4  5 |
---------------+----------------+-----
Invocations    | 1 2 |  2.0
Short Blades   | 1 |  1.8
Long Blades    | 1 |  1.8
Axes           | 1 |  1.8
Maces & Flails | 1 |  1.8
Polearms       | 1 |  1.8
Staves         | 1 |  1.8
Throwing       | 1 |  1.8
Armour         | 1 |  1.8
Shields        | 1 |  1.8
Unarmed Combat | 1 |  1.8
Spellcasting   | 1 |  1.8
Evocations     | 1 |  1.8
Conjurations   | 1 |  1.4
Hexes          | 1 |  1.4
Summonings     | 1 |  1.4
Necromancy     | 1 |  1.4
Translocations | 1 |  1.4
Transmutations | 1 |  1.4
Fire Magic     | 1 |  1.4
Ice Magic      | 1 |  1.4
Air Magic      | 1 |  1.4
Earth Magic    | 1 |  1.4
Poison Magic   | 1 |  1.4
Stealth        | 3 |  3.0
Fighting       | |  4.9
Ranged Weapons | |  8.7
Dodging        | |  4.9

Action                     |  1- 3 |  4- 6 || total
---------------------------+-------+-------++-------
   Fire: Shortbow          |    66 |   139 ||   205
    Use: Scroll            |       |     4 ||     4
 Armour: Leather armour    |     4 |    10 ||    14
  Dodge: Dodged            |    12 |    30 ||    42
